 Dungeon Crawl Stone Soup version 0.25-a0-310-g60f0ac2d9a (webtiles) character file.

Game seed: 8974010495287169587, levelgen mode: deterministic

159 Lanoc the Stinger (level 5, 0/42 HPs)
             Began as a Naga Venom Mage on Dec 24, 2019.
             Slain by a bullfrog skeleton (5 damage)
             ... on level 4 of the Dungeon.
             The game lasted 00:06:20 (2442 turns).

Lanoc the Stinger (Naga Venom Mage)                 Turns: 2442, Time: 00:06:21

Health: 0/42       AC:  2    Str:  9 (11) XL:     5   Next: 40%
Magic:  7/8        EV: 10    Int: 14 (16) God:
Gold:   126        SH:  0    Dex:  9 (11) Spells: 3/8 levels left

rFire    . . .     SeeInvis +   a - +0 dagger (vamp)
rCold    . . .     Gourm    .   (no shield)
rNeg     . . .     Faith    .   e - +0 robe
rPois    +         Spirit   .   (no helmet)
rElec    .         Reflect  .   (no cloak)
rCorr    .         Harm     .   (no gloves)
MR       .....                  (no barding)
Stlth    ++........             (no amulet)
HPRegen  0.14/turn              (no ring)
MPRegen  0.11/turn              (no ring)

@: very slow
A: large, see invisible, deformed body, poison resistance, slowness 2, slow
metabolism 1, spit poison 1, AC +1
a: Spit Poison


You were on level 4 of the Dungeon.
You were not hungry.

You visited 1 branch of the dungeon, and saw 4 of its levels.

You collected 126 gold pieces.

Inventory:

Hand Weapons
 a - a +0 vampiric dagger (weapon)
Armour
 e - a +0 robe (worn)
Scrolls
 b - 2 scrolls of identify {unknown}
 d - 3 scrolls of teleportation
 f - a scroll of immolation {unknown}
 h - a scroll of remove curse {unknown}
Potions
 g - a potion of magic {unknown}
Comestibles
 c - 3 rations


   Skills:
 + Level 2.8 Dodging
 - Level 3.0 Stealth
 - Level 2.0 Spellcasting
 - Level 1.0 Transmutations
 * Level 6.8 Poison Magic


You had 3 spell levels left.
You knew the following spells:

 Your Spells              Type           Power        Failure   Level  Hunger
a - Sting                 Tmut/Pois      ##..         4%          1    ##.....
b - Olgreb's Toxic Radia  Pois           ###.....     14%         4    #####..

Your spell library contained the following spells:

 Spells                   Type           Power        Failure   Level  Hunger
 Poisonous Vapours        Pois/Air       ##....       9%          2    ###....
 Confusing Touch          Hex            #.....       24%         1    ##.....
 Ignite Poison            Fire/Tmut/Pois #.......     24%         3    ####...
 Mephitic Cloud           Conj/Pois/Air  #.......     28%         3    ####...
 Confuse                  Hex            #.......     56%         3    ####...
 Gell's Gravitas          Tloc           #.........   56%         3    ####...
 Petrify                  Tmut/Erth      #.......     88%         4    #####..
 Yara's Violent Unravell  Hex/Tmut       #.........   99%         5    ######.
 Metabolic Englaciation   Hex/Ice        #.........   100%        5    ######.


Dungeon Overview and Level Annotations

Branches:
Dungeon (4/15)
 Temple: D:4-7

Altars:
Hepliaklqana
Yredelemnul

Annotations:
D:3 Grinder


Innate Abilities, Weirdness & Mutations

You cannot wear boots.
Your serpentine skin is tough. (AC +1)
You have supernaturally acute eyesight. (SInv)
Armour fits poorly on your strangely shaped body.
Your system is resistant to poisons. (rPois)
You cover ground very slowly.
You have a slow metabolism.
You can spit poison.


Message History

You hit the orc but do no damage.
The orc is almost dead.
The bullfrog skeleton closely misses you.
The orc hits you with a cursed -1 flail!
* * * LOW HITPOINT WARNING * * *
You kill the orc!
The bullfrog skeleton hits you.
* * * LOW HITPOINT WARNING * * *
You hit the bullfrog skeleton but do no damage.
The bullfrog skeleton is lightly damaged.
You have got your breath back.
The bullfrog skeleton hits you.
* * * LOW HITPOINT WARNING * * *
You hit the bullfrog skeleton.
The bullfrog skeleton is lightly damaged.
The bullfrog skeleton closely misses you.
You hit the bullfrog skeleton.
The bullfrog skeleton is moderately damaged.
The bullfrog skeleton hits you.
You die...

.#.....# ##.....#
..... .'.._..# ....#.
.#.....# #..#...
.#.....#.#. .....
########.#.. .!..
............ >.#
............# ##?.#
...........|.###@..#
...........#...Z..##
..#....#....#.)#+##
....#.#........#
...##....#.....####
#.###....##.......##.
...##.#..............
...#....##$....#.###.
.......####....#...


You could see a bullfrog skeleton.

Vanquished Creatures
  Jessica (D:2)
  Natasha (D:3)
  3 gnolls
  An adder (D:2)
  An ooze (D:1)
  3 worms (D:2)
  4 dart slugs
  An orc (D:4)
  8 bats
  A giant cockroach (D:2)
  7 goblins
  3 hobgoblins
  2 jackals (D:2)
  A quokka (D:2)
  A ball python (D:2)
  3 frilled lizards
  6 kobolds
  5 rats
52 creatures vanquished.

Notes
Turn   | Place    | Note
-------+----------+-------------------------------------------
     0 | D:1      | Lanoc the Naga Venom Mage began the quest for the Orb.
     0 | D:1      | Reached XP level 1. HP: 15/15 MP: 3/3
    71 | D:1      | Reached XP level 2. HP: 14/22 MP: 1/5
   299 | D:1      | Reached skill level 5 in Poison Magic
   301 | D:1      | Reached XP level 3. HP: 16/28 MP: 1/6
   979 | D:2      | Reached XP level 4. HP: 14/36 MP: 3/7
   987 | D:1      | Learned a level 4 spell: Olgreb's Toxic Radiance
  1476 | D:2      | Noticed Jessica
  1484 | D:2      | Killed Jessica
  1484 | D:2      | Reached skill level 6 in Poison Magic
  1626 | D:2      | Found a hazy altar of Hepliaklqana.
  1748 | D:2      | Reached XP level 5. HP: 42/42 MP: 4/8
  1970 | D:3      | Noticed Grinder
  1984 | D:3      | Noticed Natasha
  1991 | D:3      | Killed Natasha
  2080 | D:3      | HP: 2/42 [crimson imp (3)]
  2094 | D:3      | HP: 2/42 [crimson imp (2)]
  2393 | D:4      | Found a basalt altar of Yredelemnul.
  2442 | D:4      | Slain by a bullfrog skeleton

Levels and vault maps discovered:
D:1:      dpeg_arrival_concentric_ovals, layout_loops_ring
D:2:      layout_loops_ring, old_standard_altar, uniq_jessica
D:3:      layout_basic, gammafunk_temple_overflow_pools,
          chequers_serial_rivers_micro_b, uniq_grinder, uniq_crazy_yiuf_cottage,
          uniq_natasha
D:4:      layout_rooms, kennysheep_mini, kennysheep_little_box

Skill      XL: |  1  2  3  4 |
---------------+-------------+-----
Dodging        | 2 |  2.8
Poison Magic   | 5 6 |  6.8
Stealth        | |  3.0
Spellcasting   | |  2.0
Transmutations | |  1.0

Action                   |  1- 3 |  4- 6 || total
-------------------------+-------+-------++-------
Melee: Unarmed           |    20 |    40 ||    60
       Dagger            |       |    11 ||    11
 Cast: Sting             |    35 |    75 ||   110
       Olgreb's Toxic Ra |       |     1 ||     1
 Abil: Spit Poison       |     8 |    21 ||    29
  Use: Potion            |       |     3 ||     3
       Scroll            |       |     1 ||     1
  Eat: Chunk             |     1 |     6 ||     7
Armor: Robe              |     9 |    12 ||    21
Dodge: Dodged            |    18 |    50 ||    68

Table legend:
 A = Non-vault XP
 B = Vault XP
 C = Vault XP percentage of total XP
 D = Non-vault monster count
 E = Vault monster count
 F = Vault count percentage of total count
                 A         B        C        D         E       F
            +---------+---------+-------+---------+---------+-------
      Total |     155 |      73 |  32.0 |      50 |       2 |   3.8
            +---------+---------+-------+---------+---------+-------
        D:1 |      73 |       0 |   0.0 |      23 |       0 |   0.0
        D:2 |      69 |      37 |  34.9 |      21 |       1 |   4.5
        D:3 |      10 |      36 |  78.3 |       5 |       1 |  16.7
        D:4 |       3 |       0 |   0.0 |       1 |       0 |   0.0
            +---------+---------+-------+---------+---------+-------
